 Dungeon Crawl Stone Soup version 0.19-a0-1899-g2d93087 (webtiles) character file.

36623 Television the Quickloader (level 13, -9/105 HPs)
             Began as a Mummy Hunter on Oct 20, 2016.
             Was the Champion of Okawaru.
             Mangled by an entropy weaver (13 damage)
             ... on level 5 of the Lair of Beasts.
             The game lasted 00:47:33 (16600 turns).

Television the Quickloader (Mummy Hunter)          Turns: 16600, Time: 00:47:35

Health: -9/105     AC: -7    Str: 22    XL:     13   Next: 54%
Magic:  17/17      EV: 14    Int:  7    God:    Okawaru [******]
Gold:   989        SH:  0    Dex: 20    Spells: 0 memorised, 12 levels left

rFire  x . .     SeeInvis .     F - +5 triple crossbow of Lobluer {venom, rElec rN+ Int-4}
rCold  + . .     Gourm    .     M - +3 plate armour of Heuzap {rElec Str+6 Dex+4}
rNeg   + + +     Faith    .     (shield currently unavailable)
rPois  ∞         Spirit   .     Q - +1 hat {MR+}
rElec  +         Reflect  .     o - +0 cloak
rCorr  .         Harm     .     G - +0 pair of gloves
MR     ++...                    q - +0 pair of boots
Stlth  ..........               L - amulet of magic regeneration
                                E - +3 ring of protection
                                i - +4 ring of evasion

@: corroded
A: no food or potions, fire vulnerability, cold resistance 1, negative energy
resistance 3, torment resistance, unbreathing, in touch with death 1
a: Heroism, Finesse, Renounce Religion


You were on level 5 of the Lair of Beasts.
You worshipped Okawaru.
Okawaru was exalted by your worship.
You were not hungry.

You visited 3 branches of the dungeon, and saw 18 of its levels.

You collected 989 gold pieces.

Inventory:

Hand Weapons
 a - a +2 hand crossbow of freezing
 b - a +1 falchion of electrocution
 C - a +0 scimitar of flaming
 F - the +5 triple crossbow of Lobluer (weapon) {venom, rElec rN+ Int-4}
   (Okawaru gifted it to you on level 11 of the Dungeon)

   It poisons the ammo it fires.
   It affects your intelligence (-4).
   It insulates you from electricity.
   It protects you from negative energy.
 J - a +0 blowgun
 N - a +1 great sword of freezing
Missiles
 d - 237 bolts (quivered)
 l - 3 throwing nets
 K - 5 curare-tipped needles
Armour
 o - a +0 cloak (worn)
 q - a +0 pair of boots (worn)
 G - a +0 pair of gloves (worn)
 M - the +3 plate armour of Heuzap (worn) {rElec Str+6 Dex+4}
   (You acquired it on level 1 of the Lair of Beasts)

   It affects your strength (+6).
   It affects your dexterity (+4).
   It insulates you from electricity.
 Q - a +1 hat of magic resistance (worn)
Magical Staves
 z - an uncursed staff of earth {unknown}
Jewellery
 c - a +6 ring of strength
 f - an uncursed ring of flight
 i - a +4 ring of evasion (left hand)
 r - an uncursed ring of protection from magic
 E - a +3 ring of protection (right hand)
 L - an amulet of magic regeneration (around neck)
Wands
 j - a wand of digging (8/24)
 n - a wand of lightning (2/15)
 t - a wand of iceblast (5/15)
 v - a wand of random effects (21/48)
 w - a wand of paralysis (15/24)
 x - a wand of lightning (8/15)
 y - a wand of flame (34/48)
 B - a wand of digging (3/24)
 I - a wand of polymorph (10/24)
Scrolls
 e - a scroll of teleportation
 g - 11 scrolls of identify
 h - a scroll of enchant weapon
 k - 3 scrolls of enchant armour
 m - 4 scrolls of immolation
 p - 2 scrolls of recharging
 s - a scroll of brand weapon
 u - 3 scrolls of vulnerability
 A - a scroll of fog
 D - 4 scrolls of remove curse
 O - a scroll of blinking
Miscellaneous
 H - a fan of gales
 P - a box of beasts


   Skills:
 * Level 10.8 Fighting
 - Level 9.0 Long Blades
 * Level 11.9 Crossbows
 - Level 6.9 Armour
 - Level 5.7 Dodging
 - Level 0.7 Stealth
 - Level 5.4 Invocations


You had 12 spell levels left.
You didn't know any spells.

Dungeon Overview and Level Annotations

Branches:
Dungeon (11/15)            Temple (1/1) D:7            Lair (6/6) D:9
  Swamp (0/4) Lair:4       Spider (0/4) Lair:3
  Slime: Lair:5-6       Orc: D:9-12

Altars:
Ashenzari
Cheibriados
Dithmenos
Elyvilon
Fedhas
Gozag
Hepliaklqana
Kikubaaqudgha
Makhleb
Nemelex Xobeh
Okawaru
Qazlal
Ru
Sif Muna
Trog
Uskayaw
Vehumet
Xom
Yredelemnul
Zin
The Shining One

Shops:
D:4 =   D:7 %

Portals:
Trove: D:11 (give wand of hasting (9))

Annotations:
D:4 Capuchin's ghost, amateur MiFi
D:7 Capuchin's ghost, novice MiFi


Innate Abilities, Weirdness & Mutations

You do not eat or drink.
Your flesh is vulnerable to fire.
You are immune to poison.
Your flesh is cold resistant. (rC+)
You are immune to negative energy. (rN+++)
You are immune to unholy pain and torment.
You can survive without breathing.
You are in touch with the powers of death.


Message History

The entropy weaver hits you.
* * * LOW HITPOINT WARNING * * *
The entropy weaver hits you!
* * * LOW HITPOINT WARNING * * *
The entropy weaver hits you!
* * * LOW HITPOINT WARNING * * *
The entropy weaver mumbles some strange words.
The entropic weave corrodes you!
Unknown command.
Firing (i - inventory. (,) - cycle):
d - 238 bolts (quivered)
Press: ? - help, Shift-Dir - straight line, f/p - entropy weaver
Aim: an entropy weaver (almost dead, poisoned)
You shoot a bolt.
The bolt hits the entropy weaver but does no damage.
The entropy weaver looks as sick as possible!
The entropy weaver is almost dead.
The entropy weaver misses you. The entropy weaver hits you.
* * * LOW HITPOINT WARNING * * *
The entropy weaver barely misses you. The entropy weaver hits you!
You die...

.###.###..#.#.%#........##P......
####..###........#....####.......
..##...##......#....#.###........
.......#.#..........##.#.........
.....#....###.#.#.#####..........
..........#####.#####.........†..
............#..#.#...............
.............#...................
................@a(#.............
..................#.##...........
....................P##..........
....................###.†.......#
....................####†.P......
.....................##.##.....##
...................P.#.#....####
......................#....##
...................(.(.....#


You could see an entropy weaver.

Vanquished Creatures
  Erolcha (D:11)
  3 hydras
  Erica (D:10)
  A catoblepas (Lair:2)
  A queen ant (Lair:5)
  Urug (D:10)
  Sonja (D:11)
  An ugly thing (D:11)
  2 cyclopes
  A black mamba (Lair:4)
  A gargoyle (D:10)
  9 spiny frogs
  3 komodo dragons
  A troll (D:10)
  2 hornets
  A two-headed ogre (D:9)
  Prince Ribbit (D:9)
  A polar bear (Lair:3)
  4 dream sheep (Lair:5)
  7 blink frogs
  3 hippogriffs
  A shadow (D:10)
  A spriggan (D:8)
  A wyvern (D:8)
  50 yaks
  A vampire (D:10)
  A steam dragon (D:10)
  Grum (D:10)
  A hungry ghost (D:10)
  27 soldier ants (Lair:5)
  4 swamp worms (Lair:4)
  2 hell hounds (D:9)
  13 water moccasins
  2 black bears
  Duvessa (D:7)
  16 porcupines
  5 ice beasts
  3 orc warriors
  A phantom (D:11)
  A necrophage (D:6)
  An eye of draining (D:11)
  4 sky beasts
  5 centaurs
  16 wolves
  2 ogres
  7 crocodiles
  11 bullfrogs
  A water moccasin zombie (D:10)
  Dowan (D:7)
  2 water moccasin skeletons
  3 killer bees (D:9)
  8 wights
  2 electric eels
  2 howler monkeys
  3 crimson imps
  2 bullfrog zombies
  A quasit (D:7)
  A bullfrog skeleton (D:11)
  2 jellies
  4 orc priests
  3 hounds
  2 iguanas
  A centaur skeleton (D:10)
  8 orc wizards
  27 worker ants
  A hound zombie (D:11)
  2 hound skeletons
  2 worker ant zombies
  A howler monkey skeleton (D:4)
  17 adders
  A shadow imp (D:11)
  An ooze (D:3)
  An adder skeleton (D:10)
  5 worms
  2 dart slugs
  5 leopard geckos
  40 orcs
  2 bats
  4 giant cockroaches
  6 goblins
  10 hobgoblins
  2 quokkas
  A ball python (D:2)
  3 frilled lizards
  13 kobolds
  A leopard gecko skeleton (D:5)
  A quokka skeleton (D:9)
  5 rats
  4 plants
427 creatures vanquished.

Vanquished Creatures (others)
  A bush (Lair:5)
  6 fungi
  4 plants
11 creatures vanquished.

Grand Total: 438 creatures vanquished

Notes
Turn   | Place    | Note
-------+----------+-------------------------------------------
     0 | D:1      | Television the Mummy Hunter began the quest for the Orb.
     0 | D:1      | Reached XP level 1. HP: 16/16 MP: 1/1
   145 | D:1      | Reached XP level 2. HP: 23/23 MP: 2/2
   801 | D:1      | Reached XP level 3. HP: 22/28 MP: 3/3
  1130 | D:2      | Found a blossoming altar of Fedhas.
  1852 | D:3      | Noticed a bullfrog
  1859 | D:3      | Killed a bullfrog
  1859 | D:3      | Reached skill level 4 in Crossbows
  1859 | D:3      | Reached XP level 4. HP: 28/37 MP: 4/4
  1976 | D:3      | Noticed a black bear
  1987 | D:3      | Killed a black bear
  1987 | D:3      | Reached XP level 5. HP: 27/43 MP: 5/5
  2160 | D:3      | Reached skill level 5 in Fighting
  2393 | D:3      | Reached XP level 6. HP: 48/51 MP: 6/6
  2628 | D:4      | Noticed Capuchin's ghost (amateur MiFi)
  2879 | D:4      | Found Tiblu's Jewellery Boutique.
  3248 | D:5      | Entered Level 5 of the Dungeon
  3463 | D:5      | Reached XP level 7. HP: 40/59 MP: 7/7
  3569 | D:5      | Reached skill level 1 in Armour
  4218 | D:6      | Reached skill level 1 in Long Blades
  4245 | D:6      | Reached skill level 5 in Crossbows
  4245 | D:6      | Reached XP level 8. HP: 56/67 MP: 8/8
  4507 | D:6      | Noticed a hornet
  4522 | D:6      | Killed a hornet
  5334 | D:7      | Found a staircase to the Ecumenical Temple.
  5359 | Temple   | Entered the Ecumenical Temple
  5404 | Temple   | Became a worshipper of Warmaster Okawaru
  5485 | D:7      | Noticed Capuchin's ghost (novice MiFi)
  5578 | D:7      | Got an ancient helmet
  5589 | D:7      | Identified the +0 helmet of Daycifol {rC+} (You found it on level 7 of the Dungeon)
  5625 | D:7      | Found Hyarghox's Food Boutique.
  5637 | D:7      | Reached skill level 6 in Crossbows
  5645 | D:7      | Found a stormy altar of Qazlal.
  5691 | D:7      | Noticed Dowan
  5693 | D:7      | Noticed Duvessa
  5694 | D:7      | Killed Dowan
  5704 | D:7      | Killed Duvessa
  5903 | D:8      | Found a shimmering altar of Xom.
  5903 | D:8      | Found a shimmering altar of Xom.
  5903 | D:8      | Found a shimmering altar of Xom.
  5903 | D:8      | Found a shimmering altar of Xom.
  5903 | D:8      | Found a shimmering altar of Xom.
  5903 | D:8      | Found a shimmering altar of Xom.
  5904 | D:8      | Found a shimmering altar of Xom.
  6239 | D:8      | Noticed a mana viper
  6255 | D:8      | Reached XP level 9. HP: 67/72 MP: 9/9
  6311 | D:8      | Reached * piety under Okawaru
  6596 | D:8      | Noticed a shining eye
  6613 | D:8      | Noticed a skeletal warrior
  6614 | D:8      | Noticed a skeletal warrior
  6614 | D:8      | Noticed a skeletal warrior
  6614 | D:8      | Noticed a skeletal warrior
  6614 | D:8      | Noticed a skeletal warrior
  6640 | D:8      | Noticed a cyclops
  6640 | D:8      | Noticed a guardian serpent
  6640 | D:8      | a cyclops changed into a guardian serpent
  6641 | D:8      | Noticed a death yak
  6643 | D:8      | Noticed a five-headed hydra
  6644 | D:8      | a guardian serpent changed into a hippogriff
  6671 | D:9      | Noticed Prince Ribbit
  6677 | D:9      | Killed Prince Ribbit
  6677 | D:9      | Reached skill level 5 in Long Blades
  6677 | D:9      | Reached skill level 7 in Crossbows
  7034 | D:9      | Reached ** piety under Okawaru
  7072 | D:9      | Reached skill level 1 in Invocations
  7132 | D:9      | Found a staircase to the Lair.
  7193 | D:9      | Reached skill level 8 in Crossbows
  7376 | D:9      | Reached XP level 10. HP: 71/79 MP: 11/11
  7914 | D:10     | Entered Level 10 of the Dungeon
  8000 | D:10     | Reached *** piety under Okawaru
  8351 | D:10     | Noticed Grum
  8359 | D:10     | Noticed Erica
  8363 | D:10     | Killed Grum
  8364 | D:10     | Reached skill level 9 in Crossbows
  8373 | D:10     | Killed Erica
  8373 | D:10     | Received a gift from Okawaru
  8373 | D:10     | Reached **** piety under Okawaru
  8548 | D:10     | Noticed a gargoyle
  8552 | D:10     | Killed a gargoyle
  8621 | D:10     | Received a gift from Okawaru
  8621 | D:10     | Reached XP level 11. HP: 57/84 MP: 13/13
  8849 | D:10     | Received a gift from Okawaru
  9022 | D:10     | Noticed Urug
  9046 | D:10     | Killed Urug
  9046 | D:10     | Received a gift from Okawaru
  9298 | D:10     | Reached ***** piety under Okawaru
 10159 | D:11     | Received a gift from Okawaru
 10163 | D:11     | Got a slimy triple crossbow {god gift}
 10165 | D:11     | Identified the +5 triple crossbow of Lobluer {venom, rElec rN+ Int-4} (Okawaru gifted it to you on level 11 of the Dungeon)
 10194 | D:11     | Noticed Erolcha
 10207 | D:11     | Killed Erolcha
 10207 | D:11     | Reached skill level 10 in Crossbows
 10651 | D:11     | Found a portal to a secret trove of treasure.
 10651 | D:11     | Noticed Sonja
 10655 | D:11     | Killed Sonja
 10782 | D:11     | Reached skill level 5 in Dodging
 10949 | D:11     | Noticed a purple ugly thing
 10959 | D:11     | Killed a purple ugly thing
 11232 | Lair:1   | Entered Level 1 of the Lair of Beasts
 11241 | Lair:1   | Reached XP level 12. HP: 91/91 MP: 15/15
 11496 | Lair:1   | Received a gift from Okawaru
 11855 | Lair:1   | Identified a scroll of acquirement
 11866 | Lair:1   | Got a faintly glowing plate armour
 11877 | Lair:1   | Identified the +3 plate armour of Heuzap {rElec Str+6 Dex+4} (You acquired it on level 1 of the Lair of Beasts)
 12512 | Lair:2   | Reached skill level 11 in Crossbows
 12687 | Lair:2   | Received a gift from Okawaru
 12960 | Lair:2   | Noticed a catoblepas
 12989 | Lair:2   | Killed a catoblepas
 13035 | Lair:2   | Noticed a seven-headed hydra
 13043 | Lair:2   | Killed a seven-headed hydra
 13043 | Lair:2   | Reached skill level 5 in Armour
 13910 | Lair:3   | Found a hole to the Spider Nest.
 14087 | Lair:3   | Received a gift from Okawaru
 14208 | Lair:4   | Noticed a four-headed hydra
 14218 | Lair:4   | Killed a four-headed hydra
 14218 | Lair:4   | Reached ****** piety under Okawaru
 14218 | Lair:4   | Received a gift from Okawaru
 14218 | Lair:4   | Gained mutation: You are in touch with the powers of death. [Mummy growth]
 14218 | Lair:4   | Reached XP level 13. HP: 91/102 MP: 16/16
 14552 | Lair:4   | Received a gift from Okawaru
 14680 | Lair:4   | Reached skill level 10 in Fighting
 14976 | Lair:4   | Found a staircase to the Swamp.
 15420 | Lair:5   | Noticed an entropy weaver
 15421 | Lair:5   | Noticed an entropy weaver
 15622 | Lair:6   | Entered Level 6 of the Lair of Beasts
 15774 | Lair:5   | Reached skill level 5 in Invocations
 16600 | Lair:5   | HP: 4/105 [entropy weaver (2)]
 16600 | Lair:5   | Mangled by an entropy weaver

Vault maps used:
D:1:      grunt_arrival_crossed_arrows, minivault_24, minmay_misc_feat_diagonals
D:2:      fedhas_altar_1
D:3:      minmay_misc_feat_room
D:4:      serial_shops, nicolae_shop_crystal, first_bread
D:7:      basic_altar, serial_shops, nicolae_shop_statue_plus, uniq_duvessa
D:8:      the_bakery, xom_shifter_show
D:9:      minmay_lair_entry_lava, uniq_prince_ribbit1
D:10:     grunt_ministairs_6, uniq_erica, uniq_urug, uniq_grum
D:11:     enter_trove_2, uniq_sonja, uniq_erolcha
Temple:   kilobyte_greek_temple
Lair:1:   minivault_11, grunt_megastairs_4, lemuel_fruit_tree,
          lemuel_fruit_fields
Lair:2:   beast_lair_carwin_8, lemuel_fruit_fields
Lair:3:   nicolae_spider_entry_non_spiders, nicolae_quartered_pool_super,
          serial_bayou_lagoon_a, serial_bayou_crossing
Lair:4:   nicolae_swamp_entry_splash_gauntlet, grunt_megastairs_3
Lair:5:   basic_altar, zaba_anthell
Lair:6:   hangedman_lair_tendril_chambers, guppyfry_lair_end_dragon,
          slime_altar_1

Skill      XL: |  1  2  3  4  5  6  7  8  9 10 11 12 13 |
---------------+----------------------------------------+-----
Fighting       | 4 5 6 7 9 10 | 10.8
Crossbows      | 4 5 6 8 9 10 11 | 11.9
Armour         | 2 3 5 6 |  6.9
Long Blades    | 1 4 6 8 9 |  9.0
Invocations    | 1 3 4 5 |  5.4
Dodging        | 2 5 |  5.7
Stealth        | |  0.7

Action                   |  1- 3 |  4- 6 |  7- 9 | 10-12 | 13-15 || total
-------------------------+-------+-------+-------+-------+-------++-------
Melee: Short sword       |    72 |    30 |    10 |       |       ||   112
       Great mace        |       |    13 |       |       |       ||    13
       Falchion          |       |       |    41 |   203 |    31 ||   275
       Hand crossbow     |       |       |     2 |       |       ||     2
 Fire: Hand crossbow     |    46 |    94 |   256 |   657 |   387 ||  1440
       Triple crossbow   |       |       |       |     6 |    10 ||    16
Invok: Heroism           |       |       |     1 |     4 |     1 ||     6
Evoke: Wand              |       |       |     1 |       |     1 ||     2
  Use: Scroll            |     4 |     1 |     5 |     7 |     4 ||    21
Armor: Leather armour    |    10 |       |       |       |       ||    10
       Scale mail        |    19 |     5 |       |    50 |       ||    74
       Ring mail         |       |    36 |    75 |    30 |       ||   141
       Plate armour      |       |       |       |    89 |   161 ||   250
Dodge: Dodged            |    48 |    69 |   136 |   339 |   239 ||   831
       Rpst.: Falchion   |       |       |     9 |    26 |     6 ||    41
